Map: Terraform LE (Void)

Players

Zuuntu - Winner!

  • Race: Zerg Zerg
  • League: Platinum

Ernyo

  • Race: Protoss Protoss
  • League: Gold

VOD

Have the link to the VOD?

Description

Time

  • Played on: Sept. 26, 2015, 6:40 a.m.
  • Length: 10:41
Show
View Real Time Build Order
Export as new Build Order

Zuuntu Zerg - Winner!

Build Orders: 3 Hatch before Pool, Lurkers 

Get SALT Encoding   

  12  0:01  Drone  
  13  0:09  Drone  
  14  0:19  Overlord  
  14  0:38  Drone x3  
  17  0:56  Drone  
  18  0:57  Hatchery  
  17  1:21  Hatchery  
  16  1:25  Drone  
  17  1:36  Spawning Pool  
  16  1:41  Drone  
  16  1:43  Drone  
  18  1:49  Drone  
  18  1:52  Drone  
  20  2:06  Overlord  
  20  2:14  Drone x2  
  22  2:20  Drone  
  23  2:27  Queen  
  23  2:28  Queen  
  27  2:33  Drone x2  
  29  2:41  Overlord  
  29  2:46  Queen  
  31  2:52  Drone x2  
  33  3:00  Zergling x2  
  33  3:01  Zergling x6  
  33  3:03  Zergling x2  
  38  3:18  Drone x4  
  38  3:19  Drone x2  
  43  3:28  Extractor  
  43  3:29  Extractor  
  43  3:30  Drone x3  
  43  3:31  Queen  
  46  3:38  Queen  
  48  3:42  Overlord  
  48  3:44  Overlord  
  48  4:03  Drone x4, Extractor  
  48  4:04  Drone x5, Extractor  
  48  4:23  Drone  
  52  4:24  Drone x6  
  53  4:36  Lair  
  52  4:42  Drone  
  52  4:43  Drone x7  
  60  4:53  Drone  
  60  4:54  Drone x4  
  65  5:01  Overlord x2  
  65  5:03  Overlord  
  65  5:08  Evolution Chamber  
  65  5:12  Overlord  
  63  5:24  Drone  
  63  5:25  Drone x6  
  63  5:26  Overlord x2  
  70  5:34  Spore Crawler  
  69  5:36  Spore Crawler  
  69  5:38  Spore Crawler  
  67  5:46  Zerg Missile Weapons Level 1  
  67  5:48  Hydralisk Den  
  66  5:51  Drone x2  
  66  5:52  Evolution Chamber  
  66  5:56  Drone x3  
  66  5:57  Drone x2  
  72  6:17  Hydralisk x11  
  72  6:18  Hydralisk x2  
  98  6:23  Zerg Ground Armor Level 1  
  98  6:25  Hydralisk  
  100  6:32  Muscular Augments  
  100  6:45  Drone  
  100  6:46  Drone x2  
  101  6:49  Hydralisk  
  101  6:50  Hydralisk  
  105  6:57  Drone  
  105  6:59  Overlord x3  
  105  7:00  Overlord  
  106  7:20  Overlord x2  
  106  7:21  Hatchery, Drone x2  
  106  7:22  Hatchery, Drone x3  
  109  7:23  Drone  
  109  7:24  Extractor  
  109  7:26  Extractor  
  109  7:28  Hatchery  
  107  7:32  Lurker Den  
  107  7:48  Zerg Missile Weapons Level 2  
  107  7:49  Hydralisk  
  107  7:50  Hydralisk x8  
  125  8:00  Drone x2  
  125  8:01  Drone x4  
  125  8:02  Drone  
  132  8:14  Hydralisk x4  
  132  8:15  Hydralisk x3  
  146  8:30  Overlord x3  
  146  8:31  Overlord x2  
  146  8:32  Pneumatized Carapace  
  146  8:47  Spore Crawler  
  145  8:48  Spine Crawler, Queen  
  145  8:51  Spine Crawler  
  145  9:03  Hydralisk x2  
  145  9:04  Hydralisk x11  
  171  9:22  Lurker x3  
  174  9:25  Lurker  
  175  9:41  Drone x4, Extractor  
  175  9:42  Drone x2  
  175  9:43  Extractor  
  178  9:54  Hydralisk x9  
  178  9:55  Hydralisk  
  178  9:57  Drone x2  
Show
View Real Time Build Order
Export as new Build Order

Ernyo Protoss 

Build Orders: Oracle Opening 

Get SALT Encoding   

  12  0:00  Probe (Chrono Boost)  
  13  0:10  Probe (Chrono Boost)  
  14  0:22  Pylon  
  14  0:24  Probe (Chrono Boost)  
  15  0:40  Probe (Chrono Boost)  
  15  0:42  Gateway  
  16  0:48  Assimilator  
  16  0:55  Pylon  
  16  0:58  Probe (Chrono Boost)  
  17  1:08  Probe (Chrono Boost)  
  18  1:30  Cybernetics Core  
  18  1:34  Zealot  
  20  1:40  Probe (Chrono Boost), Assimilator  
  21  1:49  Probe (Chrono Boost)  
  22  1:59  Probe (Chrono Boost)  
  23  2:07  Warp Gate (Chrono Boost)  
  23  2:16  Stargate  
  23  2:18  Probe  
  24  2:30  Probe  
  24  2:35  Nexus  
  25  2:45  Stalker  
  27  2:52  Probe  
  28  3:00  Oracle (Chrono Boost)  
  31  3:13  Pylon  
  31  3:24  Probe  
  30  3:33  Void Ray (Chrono Boost)  
  34  3:41  Gateway  
  34  3:44  Pylon  
  34  3:48  Mothership Core (Chrono Boost)  
  36  4:00  Gateway  
  35  4:13  Void Ray (Chrono Boost)  
  37  4:29  Zealot  
  39  4:37  Probe (Chrono Boost)  
  39  4:38  Probe (Chrono Boost)  
  39  4:48  Probe (Chrono Boost)  
  39  4:49  Probe (Chrono Boost)  
  39  4:50  Void Ray (Chrono Boost)  
  45  4:58  Probe (Chrono Boost)  
  45  4:59  Pylon  
  46  5:16  Probe  
  46  5:18  Probe  
  48  5:26  Probe  
  49  5:29  Void Ray (Chrono Boost)  
  49  5:30  Probe  
  54  5:36  Probe  
  54  5:40  Assimilator  
  54  5:42  Probe, Assimilator  
  55  5:44  Zealot  
  55  5:45  Zealot  
  55  5:46  Probe  
  60  5:52  Zealot  
  60  5:54  Probe  
  60  5:56  Probe (Chrono Boost)  
  64  6:06  Probe (Chrono Boost)  
  64  6:07  Probe (Chrono Boost)  
  66  6:12  Void Ray  
  70  6:26  Probe x2 (Chrono Boost)  
  69  6:36  Probe (Chrono Boost)  
  70  6:43  Probe (Chrono Boost)  
  67  6:49  Stargate  
  67  6:51  Sentry  
  67  6:53  Probe (Chrono Boost)  
  70  6:57  Pylon  
  70  6:58  Pylon  
  70  7:00  Pylon  
  68  7:05  Probe x2 (Chrono Boost)  
  70  7:14  Probe (Chrono Boost)  
  70  7:15  Probe (Chrono Boost)  
  71  7:16  Nexus  
  71  7:17  Protoss Air Weapons Level 1 (Chrono Boost)  
  71  7:18  Void Ray (Chrono Boost)  
  71  7:20  Pylon  
  71  7:22  Pylon  
  76  7:29  Forge  
  76  7:30  Probe  
  76  7:32  Probe  
  76  7:35  Sentry x2  
  82  7:37  Sentry  
  84  7:44  Probe x2  
  84  7:46  Gateway  
  84  7:49  Pylon  
  86  7:56  Probe  
  86  7:58  Void Ray (Chrono Boost)  
  87  8:00  Void Ray (Chrono Boost)  
  95  8:06  Probe  
  95  8:08  Sentry, Probe  
  95  8:10  Sentry  
  95  8:12  Sentry  
  103  8:21  Twilight Council  
  103  8:28  Pylon  
  103  8:29  Assimilator  
  103  8:31  Assimilator  
  103  8:33  Photon Cannon  
  103  8:34  Photon Cannon  
  103  8:46  Zealot x2  
  107  8:49  Zealot  
  109  8:58  Templar Archives, Pylon  
  109  9:01  Charge (Chrono Boost)  
  105  9:10  Zealot x2  
  105  9:14  Pylon, Void Ray (Chrono Boost)  
  111  9:37  Pylon  
  111  9:42  Void Ray (Chrono Boost)  
  115  9:46  Pylon  
  115  9:52  Fleet Beacon  
  115  9:53  Pylon  
  115  9:54  Probe  
  115  9:56  Probe x2  
  118  10:02  Pylon  
  118  10:04  Probe, Gateway  
  119  10:08  Probe x2  
  121  10:22  Zealot x4  
Tags
 
Add a new tag
Caveats
  • Supply blocks, unpowered buildings, or Contaminate may cause inaccurate times.
  • Supply counts are checked every 10 seconds.